 Seeded DCSS version 0.31-a0-219-g8d62b2e7bb (webtiles) character file.

Game seed: 18346887137507914922 (custom seed)

66152 innerfire43 the Severer (level 14, -6/118 HPs)
             Began as a Demonspawn Monk on July 3, 2023.
             Was the Champion of Cheibriados.
             Mangled by a great orb of eyes (8 damage)
             ... summoned by Dissolution
             ... while paralysed by a great orb of eyes
             ... on level 2 of the Pits of Slime.
             The game lasted 00:26:25 (14664 turns).

innerfire43 the Severer (Demonspawn Monk)          Turns: 14664, Time: 00:26:25

Health: -6/118     AC: 20    Str: 29    XL:     14   Next: 78%
Magic:  14/14      EV:  2    Int: 32    God:    Cheibriados [******]
Gold:   1546       SH:  0    Dex: 36    Spells: 13/13 levels left

rFire   . . .        D - +2 war axe (elec)
rCold   . . .        d - orb {light}
rNeg    . . .        K - +6 chain mail "Metoyrr" {Regen+ Dex+5}
rPois   .            (helmet unavailable)
rElec   +            h - +0 cloak
rCorr   +            q - +0 pair of gloves
SInv    .            C - +0 pair of boots
Will    +....        n - amulet "Lecism" {Faith rElec rCorr Str-3 Slay+6} Stlth
                     T - +6 ring of intelligence
HPRegen 1.19/turn    B - +5 ring of evasion
MPRegen 0.14/turn

%: faith
@: confused, paralysed, corroded, glowing, very slow
A: horns 3, yellow scales 2, icemail 1, condensation shield
a: Renounce Religion, Bend Time, Temporal Distortion, Slouch, Step From Time


You were on level 2 of the Pits of Slime.
You worshipped Cheibriados.
Cheibriados was exalted by your worship.
You visited 4 branches of the dungeon, and saw 19 of its levels.

You collected 1546 gold pieces.

Inventory:

Hand Weapons
 D - a +2 war axe of electrocution (weapon)
 R - the +0 great sword of the Muttering Gnat {spect, rElec}
   (You found it on level 10 of the Dungeon)

   rElec:     It insulates you from electricity.
Missiles
 o - 4 throwing nets
Armour
 d - an orb of light (worn)
 h - a +0 cloak (worn)
 q - a +0 pair of gloves (worn)
 C - a +0 pair of boots (worn)
 K - the +6 chain mail "Metoyrr" (worn) {Regen+ Dex+5}
   (You found it on level 7 of the Dungeon)

   Dex:       It affects your dexterity (+5).
   Regen:     It increases your rate of health regeneration.
 Z - a +3 buckler
Jewellery
 i - a ring of positive energy
 n - the amulet "Lecism" (around neck) {Faith rElec rCorr Str-3 Slay+6}
   (You acquired it on level 2 of the Dungeon)

   [amulet of faith]

   It allows you to gain divine favour quickly.
   Str:       It affects your strength (-3).
   Slay:      It affects your accuracy & damage with ranged weapons and melee
   (+6).
   rElec:     It insulates you from electricity.
   rCorr:     It protects you from acid and corrosion.
 B - a +5 ring of evasion (right hand)
 T - a +6 ring of intelligence (left hand)
 V - a ring of ice
Wands
 A - a wand of flame (53)
 L - a wand of charming (10)
 M - a wand of polymorph (10)
 N - a wand of mindburst (6)
 O - a wand of quicksilver (10)
 S - a wand of roots (7)
Scrolls
 p - 5 scrolls of fog
 s - 4 scrolls of poison
 w - 6 scrolls of teleportation
 J - 3 scrolls of amnesia
 U - 2 scrolls of silence
Potions
 c - a potion of ambrosia
 e - a potion of attraction
 f - 3 potions of resistance
 g - 5 potions of heal wounds
 j - 2 potions of cancellation
 r - 7 potions of curing
 u - 2 potions of brilliance
 v - 4 potions of lignification
 x - a potion of berserk rage {unknown}
 z - 4 potions of mutation
 I - a potion of enlightenment {unknown}
 W - a potion of invisibility {unknown}
 Y - a potion of degeneration {unknown}
Miscellaneous
 a - a condenser vane
 Q - a box of beasts


   Skills:
 + Level 13.6 Fighting
 * Level 17.2 Axes
 + Level 12.6 Dodging
 * Level 2.7 Shields


You had 13 spell levels left.
You didn't know any spells.
Your spell library contained the following spells:

 Spells                   Type           Power      Damage    Failure   Level
 Ensorcelled Hibernation  Hex/Ice        0%         N/A       52%         2
 Dazzling Flash           Conj/Hex       0%         N/A       77%         3
 Ignite Poison            Fire/Tmut/Pois 0%         N/A       77%         3
 Inner Flame              Hex/Fire       0%         N/A       77%         3
 Ozocubu's Armour         Ice            0%         N/A       77%         3
 Spider Form              Tmut/Pois      0%         N/A       77%         3
 Tukima's Dance           Hex            0%         N/A       77%         3
 Anguish                  Hex/Necr       0%         N/A       99%         4
 Flame Wave               Conj/Fire      0%         2d4       99%         4
 Passage of Golubria      Tloc           0%         N/A       99%         4
 Petrify                  Tmut/Erth      0%         N/A       99%         4
 Sticky Flame             Conj/Fire      0%         2d3       99%         4
 Agony                    Necr           0%         N/A       100%        5
 Iskenderun's Battlesphe  Conj           0%         2d6       100%        5
 Metabolic Englaciation   Hex/Ice        0%         N/A       100%        5
 Silence                  Hex/Air        0%         N/A       100%        5
 Yara's Violent Unravell  Hex/Tmut       0%         3d3       100%        5
 Leda's Unmaking          Conj/Erth      0%         9d1       100%        6
 Statue Form              Tmut/Erth      0%         N/A       100%        6
 Ozocubu's Refrigeration  Ice            0%         4d7       100%        7
 Spellforged Servitor     Conj/Summ      0%         N/A       100%        7
 Borgnjor's Revivificati  Necr           0%         N/A       100%        8
 Ignition                 Fire           0%         3d3       100%        8
 Necromutation            Tmut/Necr      0%         N/A       100%        8
 Death's Door             Necr           0%         N/A       100%        9


Dungeon Overview and Level Annotations

Branches:
Dungeon (11/15)            Temple (1/1) D:5            Lair (5/5) D:11
  Swamp (0/4) Lair:3        Snake (0/4) Lair:3        Slime (2/5) Lair:5
    Orc: D:9-12

Altars:
Ashenzari
Cheibriados
Dithmenos
Fedhas
Gozag
Hepliaklqana
Kikubaaqudgha
Makhleb
Nemelex Xobeh
Okawaru
Qazlal
Ru
Sif Muna
Trog
Uskayaw
Vehumet
Wu Jian
Xom
Yredelemnul
Jiyva

Shops:
D:10 *

Annotations:
D:10 2 runed translucent doors
Slime:2 Dissolution


Innate Abilities, Weirdness & Mutations

You have a pair of large horns on your head.
You are mostly covered in yellow scales. (AC +3)
A meltable icy envelope protects you from harm. (AC +4)
A meltable shield of frost defends you. (SH +4)


Message History

You resist with almost no effort.
The golden eye blinks!
The great orb of eyes bites you but does no damage.
You completely miss the great orb of eyes.
The great orb of eyes is lightly wounded.
You completely miss the golden eye. You hit the shining eye.
Unknown command.
You slash the great orb of eyes!
Lightning courses through the great orb of eyes!
You headbutt the great orb of eyes.
The great orb of eyes is heavily wounded.
You slice the golden eye!!
You kill the golden eye!
The golden eye dissolves into a puddle of slime!
You slash the shining eye!
Lightning courses through the shining eye!
Dissolution says, "Jiyva sees all!"
The great orb of eyes bites you! The golden eye blinks at you.
You easily resist.
The floating eye dissolves into a puddle of slime!
The golden eye dissolves into a puddle of slime!
The great orb of eyes misses you. The great orb of eyes gazes at you.
You suddenly lose the ability to move!
The great orb of eyes gazes at you.
You shrug off the repeated paralysis!
Dissolution hits you!
You are splashed with acid.
You resist. Dissolution hits you!
* * * LOW HITPOINT WARNING * * *
You are splashed with acid.
You resist.
* * * LOW HITPOINT WARNING * * *
Dissolution completely misses you.
Dissolution hits you but does no damage.
The great orb of eyes bites you but does no damage.
Dissolution hits you!!
* * * LOW HITPOINT WARNING * * *
You are splashed with acid.
You resist.
* * * LOW HITPOINT WARNING * * *
Dissolution hits you but does no damage.
The great orb of eyes bites you!
You die...

.. . . # #.
##.#.#
......######
...#.......##
........@G..#
.......GJG..#
.........G..#
......<.G.<.#
............#
...........##
..........##
..........#
.........#


You could see Dissolution, a great orb of eyes (summoned), 2 shining eyes and 2
eyes of devastation.

Vanquished Creatures
  2 acid blobs (Slime:1)
  A tengu reaver (D:11)
  Snorg (Lair:3)
  Josephine (D:11)
  A great orb of eyes (Slime:1)
  2 hydras (Lair:5)
  Fannar (Lair:2)
  A catoblepas (Lair:1)
  A centaur warrior (D:10)
  A boulder beetle (Lair:2)
  9 death yaks
  2 tengu warriors (D:10)
  2 skysharks
  Amaemon (D:9)
  A bog body (Lair:3)
  Pikel (D:9)
  An ugly thing (D:10)
  2 manticores (D:10)
  2 cyclopes
  6 elephants (Lair:5)
  6 black mambas
  Joseph (D:7)
  3 torpor snails
  16 cane toads
  A gargoyle (D:11)
  An orange demon (D:9)
  An unseen horror (D:10)
  6 rime drakes
  Psyche (D:9)
  A kobold demonologist (D:11)
  12 komodo dragons
  2 trolls
  5 polar bears (Lair:5)
  14 blink frogs
  7 hornets (Lair:5)
  15 dream sheep
  7 slime creatures
  2 shadows
  6 wraiths (D:11)
  51 yaks
  13 spriggans (Lair:5)
  5 wyverns
  A steam dragon (D:7)
  Menkaure (D:6)
  3 nagas (Lair:3)
  The ghost of reriks the Firebug, an amateur GrFE (D:3)
  11 water moccasins
  2 swamp worms (Lair:3)
  3 orc warriors
  2 ice beasts
  5 black bears
  An ogre (D:5)
  32 wolves
  5 centaurs
  3 boggarts (Lair:5)
  A phantom (D:5)
  2 lemures (D:9)
  11 kobold brigands
  10 bullfrogs
  A scorpion (Lair:1)
  5 wights (D:7)
  14 killer bees
  4 howler monkeys
  2 electric eels
  A crimson imp (D:8)
  Crazy Yiuf (D:7)
  A gnoll bouda (D:9)
  3 hounds
  6 jellies
  8 orc priests
  2 iguanas (D:4)
  21 orc wizards
  4 hell rats (Lair:2)
  A howler monkey zombie (D:3)
  6 gnolls
  8 adders
  A howler monkey skeleton (D:3)
  3 shadow imps
  An ufetubus (D:7)
  3 dart slugs
  39 orcs
  3 bats
  4 endoplasms
  A giant cockroach (D:2)
  4 goblins
  4 hobgoblins
  6 jackals
  32 kobolds
  7 quokkas
  5 ball pythons
  2 frilled lizards
  12 kobold skeletons (D:11)
  6 kobold zombies (D:11)
  6 rats
536 creatures vanquished.

Notes
Turn   | Place    | Note
-------+----------+-------------------------------------------
     0 | D:1      | innerfire43 the Demonspawn Monk began the quest for the
                  | Orb.
     0 | D:1      | Reached XP level 1. HP: 18/18 MP: 1/1
   134 | D:1      | Reached skill level 3 in Axes
   172 | D:1      | Gained mutation: A meltable shield of frost defends you.
                  | (SH +4) [demonic ancestry]
   172 | D:1      | Reached XP level 2. HP: 16/24 MP: 2/2
  1056 | D:2      | Gained mutation: A meltable icy envelope protects you from
                  | harm. (AC +4) [demonic ancestry]
  1056 | D:2      | Reached XP level 3. HP: 21/29 MP: 3/3
  1065 | D:2      | Identified the +2 ring mail "Naukank" {rC+}
  1599 | D:2      | Found a faded altar of an unknown god.
  1994 | D:2      | Identified a scroll of acquirement
  1994 | D:2      | Acquired the amulet "Lecism" {Faith rElec rCorr Str-3
                  | Slay+6}
  2069 | D:3      | Noticed a black bear
  2079 | D:3      | Killed a black bear
  2080 | D:3      | Reached skill level 4 in Axes
  2080 | D:3      | Reached XP level 4. HP: 37/37 MP: 4/4
  2080 | D:3      | Reached XP level 5. HP: 42/42 MP: 5/5
  2515 | D:3      | Found a runed translucent gate.
  2515 | D:3      | Found a runed translucent gate.
  2515 | D:3      | Found a runed translucent gate.
  2521 | D:3      | Noticed reriks's ghost (amateur GrFE)
  3060 | D:3      | Killed reriks's ghost
  3061 | D:3      | Reached skill level 5 in Axes
  3061 | D:3      | Gained mutation: You are partially covered in yellow
                  | scales. (AC +2) [demonic ancestry]
  3061 | D:3      | Reached XP level 6. HP: 33/49 MP: 6/6
  3242 | D:4      | Found a hide-covered altar of Uskayaw.
  3427 | D:4      | Found a stormy altar of Qazlal.
  3712 | D:5      | Entered Level 5 of the Dungeon
  3832 | D:5      | Gained mutation: You have a pair of small horns on your
                  | head. [demonic ancestry]
  3832 | D:5      | Reached XP level 7. HP: 53/55 MP: 7/7
  3919 | D:5      | Found a staircase to the Ecumenical Temple.
  3957 | D:5      | Reached skill level 5 in Fighting
  3957 | D:5      | Reached skill level 6 in Axes
  4590 | Temple   | Entered the Ecumenical Temple
  5079 | D:6      | Noticed Menkaure
  5084 | D:6      | Killed Menkaure
  5085 | D:6      | Reached skill level 5 in Dodging
  5085 | D:6      | Reached XP level 8. HP: 63/63 MP: 8/8
  5740 | D:6      | Acquired 484 gold pieces
  5933 | D:7      | Reached skill level 7 in Axes
  6043 | D:7      | Found a flagged portal.
  6166 | D:7      | Found a runed translucent door.
  6167 | D:7      | Noticed Crazy Yiuf
  6173 | D:7      | Killed Crazy Yiuf
  6244 | D:7      | Noticed Joseph
  6251 | D:7      | Killed Joseph
  6252 | D:7      | Reached skill level 8 in Axes
  6252 | D:7      | Gained mutation: You have a pair of horns on your head.
                  | [demonic ancestry]
  6252 | D:7      | Reached XP level 9. HP: 52/71 MP: 9/9
  6381 | D:7      | Identified the +6 chain mail "Metoyrr" {Regen+ Dex+5}
  7250 | D:8      | Found a shadowy altar of Dithmenos.
  7321 | D:8      | Found a broken altar of Ashenzari.
  7379 | D:8      | Reached skill level 9 in Axes
  7427 | D:8      | Found a snail-covered altar of Cheibriados.
  7441 | D:8      | Became a worshipper of Cheibriados the Contemplative
  7441 | D:8      | Reached * piety under Cheibriados
  7441 | D:8      | Reached ** piety under Cheibriados
  7472 | D:8      | Found a radiant altar of Vehumet.
  7515 | D:8      | Found a burning altar of Makhleb.
  8049 | D:9      | Found a shimmering blue altar of Sif Muna.
  8075 | D:9      | Noticed Amaemon
  8077 | D:9      | Noticed an orange demon
  8088 | D:9      | Killed Amaemon
  8093 | D:9      | Killed an orange demon
  8094 | D:9      | Gained mutation: You are mostly covered in yellow scales.
                  | (AC +3) [demonic ancestry]
  8094 | D:9      | Reached XP level 10. HP: 67/80 MP: 10/10
  8115 | D:9      | Reached skill level 10 in Axes
  8162 | D:9      | Noticed Pikel
  8168 | D:9      | Killed Pikel
  8287 | D:9      | Noticed Psyche
  8291 | D:9      | Killed Psyche
  8473 | D:9      | Found a basalt altar of Yredelemnul.
  8643 | D:10     | Entered Level 10 of the Dungeon
  8656 | D:10     | Found Fepluu's Assorted Antiques.
  8759 | D:10     | Reached *** piety under Cheibriados
  8799 | D:10     | Found a blossoming altar of Fedhas.
  9041 | D:10     | Reached skill level 11 in Axes
  9056 | D:10     | Found a runed translucent door.
  9056 | D:10     | Found a runed translucent door.
  9134 | D:10     | Reached **** piety under Cheibriados
  9264 | D:10     | Noticed a cyclops
  9264 | D:10     | Noticed a tengu warrior
  9264 | D:10     | Noticed a centaur warrior
  9264 | D:10     | Noticed a cyan ugly thing
  9271 | D:10     | Noticed a tengu warrior
  9273 | D:10     | Killed a cyan ugly thing
  9274 | D:10     | Reached XP level 11. HP: 81/89 MP: 11/11
  9277 | D:10     | Killed a tengu warrior
  9286 | D:10     | Killed a centaur warrior
  9293 | D:10     | Killed a tengu warrior
  9294 | D:10     | Reached skill level 12 in Axes
  9323 | D:10     | Identified the +0 great sword of the Muttering Gnat {spect,
                  | rElec}
  9558 | D:11     | Noticed Josephine
  9563 | D:11     | Killed Josephine
  9568 | D:11     | Reached ***** piety under Cheibriados
  9569 | D:11     | Reached skill level 10 in Fighting
  9617 | D:11     | Noticed a death yak
  9617 | D:11     | Noticed a death yak
  9618 | D:11     | Found a staircase to the Lair.
  9618 | D:11     | Noticed a death yak
  9622 | D:11     | Killed a death yak
  9626 | D:11     | Killed a death yak
  9632 | D:11     | Killed a death yak
  9682 | D:11     | Reached skill level 13 in Axes
  9764 | D:11     | Noticed a tengu reaver
  9775 | D:11     | Killed a tengu reaver
  9776 | D:11     | Gained mutation: You have a pair of large horns on your
                  | head. [demonic ancestry]
  9776 | D:11     | Reached XP level 12. HP: 29/98 MP: 12/12
  9970 | D:11     | Noticed a death yak
  9971 | D:11     | Noticed a death yak
  9986 | D:11     | Killed a death yak
  9993 | D:11     | Killed a death yak
  9994 | D:11     | Reached skill level 10 in Dodging
 10378 | D:11     | Found an ancient bone altar of Kikubaaqudgha.
 10391 | D:11     | Reached ****** piety under Cheibriados
 10636 | Lair:1   | Entered Level 1 of the Lair of Beasts
 10655 | Lair:1   | Found a frozen archway.
 10688 | Lair:1   | Reached skill level 14 in Axes
 10753 | Lair:1   | Noticed a catoblepas
 10762 | Lair:1   | Killed a catoblepas
 11376 | Lair:2   | Reached XP level 13. HP: 106/106 MP: 13/13
 11728 | Lair:2   | Noticed Fannar
 11737 | Lair:2   | Killed Fannar
 11754 | Lair:2   | Reached skill level 15 in Axes
 12166 | Lair:3   | Found a staircase to the Snake Pit.
 12221 | Lair:3   | Found an ancient bone altar of Kikubaaqudgha.
 12315 | Lair:3   | Noticed Snorg
 12321 | Lair:3   | Killed Snorg
 12376 | Lair:3   | Found a staircase to the Swamp.
 13346 | Lair:5   | Entered Level 5 of the Lair of Beasts
 13366 | Lair:5   | Reached skill level 16 in Axes
 13455 | Lair:5   | Reached XP level 14. HP: 116/116 MP: 14/14
 13495 | Lair:5   | Found a staircase to the Slime Pits.
 13495 | Lair:5   | Found a viscous altar of Jiyva.
 14014 | Lair:5   | Reached skill level 17 in Axes
 14104 | Lair:5   | Reached skill level 1 in Shields
 14443 | Slime:1  | Entered Level 1 of the Pits of Slime
 14466 | Slime:1  | Noticed an acid blob
 14473 | Slime:1  | Killed an acid blob
 14498 | Slime:1  | Noticed an acid blob
 14508 | Slime:1  | Killed an acid blob
 14650 | Slime:2  | Noticed Dissolution
 14661 | Slime:2  | Paralysed by a great orb of eyes for 5 turns
 14664 | Slime:2  | HP: 2/118 [acid (4)]
 14664 | Slime:2  | Mangled by a great orb of eyes

Illustrated notes

Levels and vault maps discovered:
D:1:      heliophobic_arrival_ceremonial_halls, layout_basic
D:2:      layout_basic, shapermc_ecumenical_altar_mp_highgroup,
          grunt_ministairs_10, minivault_5, chequers_decorated_corner
D:3:      layout_loops_corners, serial_glass, glass_columns_a, glass_columns_c,
          glass_columns_c, glass_columns_b, gammafunk_ghost_necromancy,
          dk_vineyard_1, kennysheep_cross_room, grunt_decor_clamped
D:4:      layout_rooms, nicolae_qazlal_eye_of_the_storm,
          nicolae_uskayaw_suspiria, kennysheep_nub
D:5:      layout_cave_pods, minmay_temple_entry_purple_smoke,
          grunt_ministairs_12
D:6:      layout_loops_ring, mainiacjoe_overflow_concentric_impassable,
          uniq_menkaure
D:7:      layout_layer_cave, tso_oasis_becter, enter_bailey_2, uniq_joseph,
          uniq_crazy_yiuf_cottage
D:8:      layout_rooms, makhleb_grotto_becter,
          grunt_dithmenos_smoke_and_mirrors, mainiacjoe_overflow_alcove_1,
          mainiacjoe_overflow_tiny_flanked, nicolae_ashenzari_skybound,
          nicolae_figureground_pulse
D:9:      layout_basic, mainiacjoe_overflow_paths,
          mainiacjoe_overflow_surrounded_room, lemuel_round_altar, uniq_pikel,
          uniq_amaemon, uniq_psyche
D:10:     minmay_the_grid_triangle_9x9_recursive_2
          [minmay_the_grid_triangle_9x9_prize_top_heavy,
          minmay_the_grid_triangle_9x9_corrupted_corridor,
          minmay_the_grid_triangle_9x9_steps,
          minmay_the_grid_triangle_9x9_tough_junction], layout_irregular_city,
          general_overflow_altar, serial_shops, nicolae_shop_trees,
          st_stairs_13, patterned_corridor
D:11:     wander_kiku_kobolds, layout_grid_maze, dpeg_lair_monsters,
          minmay_holes, kennysheep_just_a_vault, uniq_josephine
Temple:   dpeg_three_leaves_temple
Lair:1:   layout_hall_layers, portal_ice_cave_entry_ice_simulacra,
          grunt_megastairs_5
Lair:2:   layout_hall_layers, lemuel_fruit_fields, uniq_fannar
Lair:3:   layout_chaotic_city, nicolae_swamp_entry_splash_gauntlet,
          minmay_snake_entry_guardpost_large, basic_altar, uniq_snorg
Lair:4:   layout_gridlike, serial_bayou_shore_a, grunt_megastairs_2
Lair:5:   minmay_lair_end_enchanted_forest, layout_misc_corridors,
          minmay_slime_entry_pillars
Slime:1:  layout_caves
Slime:2:  layout_caves, dissolution_awaits

Skill      XL: |  1  2  3  4  5  6  7  8  9 10 11 12 13 14 |
---------------+-------------------------------------------+-----
Axes           | 3 4 5 6 8 9 11 13 14 16 17 | 17.2
Dodging        | 3 4 5 6 7 8 9 10 11 12 | 12.6
Fighting       | 4 5 6 7 9 10 11 12 13 | 13.6
Shields        | 2 |  2.7

Action                     |  1- 3 |  4- 6 |  7- 9 | 10-12 | 13-15 || total
---------------------------+-------+-------+-------+-------+-------++-------
  Melee: Hand axe          |   107 |    92 |    15 |       |       ||   214
         War axe           |       |       |   138 |   314 |   439 ||   891
         Headbutt          |       |       |    23 |    85 |   134 ||   242
    Use: Scroll            |     2 |       |     6 |    11 |     4 ||    23
         Potion            |       |       |       |     4 |     1 ||     5
 Armour: Robe              |    15 |       |       |       |       ||    15
         Ring mail         |    26 |    35 |    21 |       |       ||    82
         Chain mail        |       |       |    35 |   105 |   126 ||   266
  Dodge: Dodged            |   104 |    50 |   113 |   295 |   505 ||  1067
  Block: Orb               |    21 |    11 |    24 |    66 |    71 ||   193

Table legend: (Time is in decaauts)
 A = Elapsed time spent in this place.
 B = Non-inter-level travel time spent in this place.
 C = Inter-level travel time spent in this place.
 D = Time resting spent in this place.
 E = Time spent auto-exploring this place.
 F = Levels seen in this place.
 G = Mean time per level.
                   A        B        C        D        E       F      G
               +--------+--------+--------+--------+--------+-----+--------+
         Total |  19455 |  17992 |   1463 |      0 |  15014 |  19 | 1023.9 |
       Dungeon |  12192 |  11023 |   1169 |      0 |   9394 |  11 | 1108.4 |
        Temple |    194 |    194 |      0 |      0 |     58 |   1 |  194.0 |
          Lair |   6696 |   6486 |    210 |      0 |   5322 |   5 | 1339.2 |
    Slime Pits |    372 |    288 |     84 |      0 |    239 |   2 |  186.0 |
               +--------+--------+--------+--------+--------+-----+--------+

Top non-repeatable levels by time:
    D:11: 1864 daAuts
  Lair:5: 1743 daAuts
     D:7: 1427 daAuts
  Lair:3: 1362 daAuts
    D:10: 1308 daAuts
  Lair:2: 1297 daAuts
     D:9: 1204 daAuts
  Lair:1: 1188 daAuts
     D:3: 1181 daAuts
  Lair:4: 1105 daAuts
     D:1: 1048 daAuts
     D:5: 997 daAuts
     D:2: 985 daAuts
     D:6: 847 daAuts
     D:8: 812 daAuts
